 Dungeon Crawl Stone Soup version 0.18.1-48-g4cf74bf (console) character file.

66 Homage the Shield-Bearer (level 4, -1/37 HPs)
             Began as a Formicid Fighter on Aug 22, 2016.
             Killed by divine providence
             ... invoked by an orc priest
              (12 damage)
             ... on level 3 of the Dungeon.
             The game lasted 00:02:44 (1538 turns).

Homage the Shield-Bearer (Formicid Fighter)         Turns: 1538, Time: 00:02:45

Health: -1/37      AC:  8    Str: 20    XL:     4   Next: 37%
Magic:  4/4        EV:  8    Int:  8    God:
Gold:   75         SH:  9    Dex: 11    Spells: 0 memorised, 3 levels left

rFire  . . .     SeeInvis +     a - +1 war axe
rCold  . . .     Gourm    .     b - +0 scale mail
rNeg   . . .     Faith    .     c - +0 shield
rPois  .         Spirit   .     (helmet unavailable)
rElec  .         Dismiss  .     (no cloak)
rCorr  .         Reflect  .     e - +0 pair of gloves
SustAt .         Harm     .     (no boots)
MR     .....                    (no amulet)
Stlth  ..........               (no ring)
                                (no ring)

@: not resistant to hostile enchantments, extremely unstealthy
A: permanent stasis, dig shafts and tunnels, four strong arms, antennae 3
a: Dig, Shaft Self


You were on level 3 of the Dungeon.
You were hungry.

You visited 1 branch of the dungeon, and saw 3 of its levels.

You collected 75 gold pieces.


Innate Abilities, Weirdness & Mutations

You are under a permanent stasis effect.
You can dig through walls and to a lower floor.
Your four strong arms can wield two-handed weapons with a shield.
You have a pair of large antennae on your head (SInv).


   Skills:
 + Level 3.8 Fighting
 + Level 2.2 Axes
 + Level 3.7 Armour
 + Level 1.2 Dodging
 + Level 4.4 Shields


You had 3 spell levels left.
You didn't know any spells.

Inventory:

Hand Weapons
 a - a +1 war axe (weapon)
Armour
 b - a +0 scale mail (worn)
 c - a +0 shield (worn)
 e - a +0 pair of gloves (worn)
Scrolls
 j - a scroll of enchant weapon
 k - a scroll of remove curse
 l - a scroll of identify
Potions
 d - a potion of might
Comestibles
 f - 2 bread rations
 g - 2 chunks of flesh
 h - 5 fruits
 i - 2 meat rations


Message History

The orc hits you with a hand axe.
You hit the dart slug.
You kill the dart slug!
You closely miss the orc. You slash the worm!
The worm is severely wounded.
The worm bites you. You block the orc's attack.
You are too injured to fight recklessly!
You are too injured to fight recklessly!
You hit the worm.
The worm is severely wounded.
You slash the orc!
You kill the orc!
The worm closely misses you. You block the worm's attack.
The orc priest mumbles some strange prayers to Beogh against you.
Beogh smites you!
Unknown command.
The orc priest invokes the aid of Beogh against you.
Beogh smites you!
You die...

#.........
#..........
#..........
#.........?
#..........
#..........
#.)..o.....
#####...%......
#....@w.)#####
#^......##
#...<...#
#...=...#
#.....?.#
#......... {
#........##
#..........
#.......#...


You could see a worm and an orc priest.

Vanquished Creatures
  2 adders (D:2)
  A dart slug (D:3)
  2 orcs (D:3)
  A ball python (D:2)
  8 bats
  A giant cockroach (D:2)
  2 gnoll zombies (D:2)
  4 hobgoblins
  A giant gecko skeleton (D:3)
  2 giant newts (D:2)
  7 goblins
  5 kobolds
  8 rats
44 creatures vanquished.

Notes
Turn   | Place    | Note
--------------------------------------------------------------
     0 | D:1      | Homage the Formicid Fighter began the quest for the Orb.
     0 | D:1      | Reached XP level 1. HP: 18/18 MP: 1/1
   229 | D:1      | Reached XP level 2. HP: 24/24 MP: 2/2
   299 | D:1      | Reached skill level 4 in Shields
   685 | D:1      | Reached skill level 1 in Dodging
   747 | D:1      | Reached XP level 3. HP: 29/29 MP: 3/3
  1388 | D:2      | Reached XP level 4. HP: 37/37 MP: 4/4
  1446 | D:2      | Found an oddly glowing altar of Pakellas.
  1509 | D:2      | Found a basalt altar of Yredelemnul.
  1538 | D:3      | Killed from afar by an orc priest

Vault maps used:
D:1:      mushboom_english_gardens
D:2:      wad_lake_hut, lemuel_zombie_altar_yredelemnul, grunt_pakellas_basics
D:3:      nicolae_overflow_hidden_temple, lemuel_doored_altar

Action                   |  1- 3 |  4- 6 || total
-------------------------+-------+-------++-------
Melee: War axe           |   144 |    20 ||   164
  Use: Scroll            |     6 |       ||     6
       Potion            |     2 |       ||     2
  Eat: Chunk             |     2 |       ||     2
Armor: Scale mail        |    73 |     6 ||    79
Dodge: Dodged            |    63 |     8 ||    71
Block: Shield            |    94 |    11 ||   105
